IL
DURHAM BULLS @ NASHVILLE SOUNDS
06/03/2049
 
TOP OF THE 1ST
Durham Bulls batting - Pitching for Nashville Sounds : LHP Kevin Clark
Pitching: LHP Kevin Clark
Batting: RHB Sesto Carpini 0-0: Called Strike
0-1: Swinging Strike
0-2: Ball
1-2: Strikes out swinging
Batting: RHB David Ward 0-0: Foul Ball, location: 2F
0-1: Ball
1-1: Foul Ball, location: 2F
1-2: Ball
2-2: Strikes out swinging
Batting: RHB James Huddleston 0-0: Foul Ball, location: 2F
0-1: Foul Ball, location: 2F
0-2: Foul Ball, location: 2F
0-2: Ball
1-2: Ball
2-2: Ground out 1-3 (Groundball, 13, EV 69.4 MPH)
Top of the 1st over - 0 runs, 0 hits, 0 errors, 0 left on base; Durham 0 - Nashville 0
BOTTOM OF THE 1ST
Nashville Sounds batting - Pitching for Durham Bulls : RHP Miguel Romero
Pitching: RHP Miguel Romero
Batting: SHB Robert Santiago 0-0: TRIPLE (Flyball, 89XD, EV 109.4 MPH)
Batting: LHB Tomas Segarra 0-0: Foul Ball, location: 2F
0-1: Fly out, F9 (Flyball, 9, EV 88.1 MPH)
Runner from 3rd tags up, SCORES, throw by RF
Batting: RHB Tim Cordle 0-0: Swinging Strike
0-1: Foul Ball, location: 2F
0-2: Ground out 4-3 (Groundball, 4MS, EV 91.9 MPH)
Batting: RHB Bill Cabrera 0-0: Called Strike
0-1: Ball
1-1: Ball
2-1: Ball
3-1: Foul Ball, location: 2F
3-2: Foul Ball, location: 2F
3-2: Foul Ball, location: 2F
3-2: Strikes out swinging
Bottom of the 1st over - 1 run, 1 hit, 0 errors, 0 left on base; Durham 0 - Nashville 1
TOP OF THE 2ND
Durham Bulls batting - Pitching for Nashville Sounds : LHP Kevin Clark
Batting: RHB Jose Arriola 0-0: Ball
1-0: Ball
2-0: Ball
3-0: Ground out 6-3 (Groundball, 6D, EV 90.6 MPH)
Batting: RHB Antonio Pacheco 0-0: Ball
1-0: Called Strike
1-1: Ground out 5-3 (Groundball, 56S, EV 76.9 MPH)
Batting: RHB Roberto Aispuro 0-0: Ground out 5-3 (Groundball, 5, EV 103.8 MPH)
Top of the 2nd over - 0 runs, 0 hits, 0 errors, 0 left on base; Durham 0 - Nashville 1
BOTTOM OF THE 2ND
Nashville Sounds batting - Pitching for Durham Bulls : RHP Miguel Romero
Batting: LHB Gregg Power 0-0: Called Strike
0-1: Fly out, F8 (Flyball, 78M, EV 86.2 MPH)
Batting: RHB David Herrera 0-0: Swinging Strike
0-1: Ball
1-1: Ball
2-1: Ball
3-1: Base on Balls
Batting: LHB Al Hernandez 0-0: Called Strike
David Herrera steals 2nd base
0-1: Ball
1-1: Swinging Strike
1-2: Ball
2-2: Strikes out swinging
Batting: RHB Wade Diamond 0-0: Called Strike
0-1: Called Strike
0-2: SINGLE (Groundball, 56S, EV 73.8 MPH) (infield hit)
David Herrera to third
Batting: RHB Yonetoshi Muranaka 0-0: Called Strike
0-1: Called Strike
0-2: Foul Ball, location: 2F
0-2: Fly out, F8 (Flyball, 8LD, EV 93.1 MPH)
Bottom of the 2nd over - 0 runs, 1 hit, 0 errors, 2 left on base; Durham 0 - Nashville 1
TOP OF THE 3RD
Durham Bulls batting - Pitching for Nashville Sounds : LHP Kevin Clark
Batting: SHB Julio Hernandez 0-0: Ball
1-0: Swinging Strike
1-1: Ball
2-1: Called Strike
2-2: Strikes out looking
Batting: LHB Danny Hull 0-0: Foul Ball, location: 2F
0-1: Ball
1-1: Ground out 4-3 (Groundball, 4, EV 98.8 MPH)
Batting: LHB Helmut Steggall 0-0: Ball
1-0: Foul Ball, location: 2F
1-1: Ball
2-1: Foul Ball, location: 2F
2-2: Foul Ball, location: 2F
2-2: Ball
3-2: Base on Balls
Batting: RHB Sesto Carpini 0-0: Ball
1-0: Called Strike
1-1: Ball
2-1: Ball
3-1: Base on Balls
Helmut Steggall to second
Batting: RHB David Ward 0-0: Ball
1-0: Called Strike
1-1: Ball
2-1: Ball
3-1: Swinging Strike
3-2: Fly out, F7 (Flyball, 7S, EV 86.2 MPH)
Top of the 3rd over - 0 runs, 0 hits, 0 errors, 2 left on base; Durham 0 - Nashville 1
BOTTOM OF THE 3RD
Nashville Sounds batting - Pitching for Durham Bulls : RHP Miguel Romero
Batting: SHB Robert Santiago 0-0: Ball
1-0: Ball
2-0: Reached on error, E3 (Groundball, 3L, EV 90.6 MPH)
Batting: LHB Tomas Segarra 0-0: Foul Ball, location: 2F
0-1: Ball
1-1: Ball
2-1: Fly out, F7 (Flyball, 78D, EV 88.8 MPH)
Batting: RHB Tim Cordle 0-0: Ball
1-0: Ball
2-0: Fielders Choice at 2nd, 6-4 (Groundball, 6M, EV 89.4 MPH)
Batting: RHB Bill Cabrera 0-0: Swinging Strike
0-1: SINGLE (Line Drive, 9S, EV 100.0 MPH)
Tim Cordle to second
Batting: LHB Gregg Power 0-0: Ball
1-0: Ground out 4-3 (Groundball, 34, EV 109.4 MPH)
Bottom of the 3rd over - 0 runs, 1 hit, 1 error, 2 left on base; Durham 0 - Nashville 1
TOP OF THE 4TH
Durham Bulls batting - Pitching for Nashville Sounds : LHP Kevin Clark
Batting: RHB James Huddleston 0-0: Ball
1-0: Ball
2-0: Ball
3-0: Base on Balls
Batting: RHB Jose Arriola 0-0: Reached on error, E6 (Groundball, 6, EV 102.5 MPH)
James Huddleston to second
Batting: RHB Antonio Pacheco 0-0: Called Strike
0-1: Ball
1-1: SINGLE (Groundball, P, EV 81.2 MPH) (infield hit)
James Huddleston to third
Jose Arriola to second
Batting: RHB Roberto Aispuro 0-0: Grounds into double play, 5-4-3 (Groundball, 56S, EV 78.8 MPH)
James Huddleston scores
Jose Arriola to third
Batting: SHB Julio Hernandez 0-0: Called Strike
0-1: Foul Ball, location: 2F
0-2: Ball
1-2: Ball
2-2: Ball
3-2: Foul Ball, location: 2F
3-2: SINGLE (Groundball, 56S, EV 71.9 MPH) (infield hit)
Jose Arriola scores
Batting: LHB Danny Hull 0-0: Called Strike
Julio Hernandez steals 2nd base
0-1: Ground out 4-3 (Groundball, 4MS, EV 84.4 MPH)
Top of the 4th over - 2 runs, 2 hits, 1 error, 1 left on base; Durham 2 - Nashville 1
BOTTOM OF THE 4TH
Nashville Sounds batting - Pitching for Durham Bulls : RHP Miguel Romero
Batting: RHB David Herrera 0-0: Ball
1-0: Ball
2-0: Foul Ball, location: 2F
2-1: Fly out, F8 (Flyball, 8RD, EV 83.8 MPH)
Batting: LHB Al Hernandez 0-0: Called Strike
0-1: Ball
1-1: Ball
2-1: Called Strike
2-2: Strikes out swinging
Batting: RHB Wade Diamond 0-0: Called Strike
0-1: Foul Ball, location: 2F
0-2: Strikes out swinging
Bottom of the 4th over - 0 runs, 0 hits, 0 errors, 0 left on base; Durham 2 - Nashville 1
TOP OF THE 5TH
Durham Bulls batting - Pitching for Nashville Sounds : LHP Kevin Clark
Batting: LHB Helmut Steggall 0-0: Ball
1-0: Called Strike
1-1: Ball
2-1: Ball
3-1: Base on Balls
Batting: RHB Sesto Carpini 0-0: Fielders Choice at 2nd, 1-6 (Groundball, 13S, EV 73.1 MPH)
Batting: RHB David Ward 0-0: Ball
1-0: Ball
2-0: Foul Ball, location: 2F
2-1: Ball
3-1: Called Strike
3-2: Fielders Choice at 2nd, 6-4 (Groundball, 6, EV 86.2 MPH)
Batting: RHB James Huddleston 0-0: Foul Ball, location: 2F
0-1: Called Strike
0-2: Ball
1-2: Strikes out swinging
Top of the 5th over - 0 runs, 0 hits, 0 errors, 1 left on base; Durham 2 - Nashville 1
BOTTOM OF THE 5TH
Nashville Sounds batting - Pitching for Durham Bulls : RHP Miguel Romero
Batting: RHB Yonetoshi Muranaka 0-0: Ball
1-0: Called Strike
1-1: Ball
2-1: Ball
3-1: Foul Ball, location: 2F
3-2: Base on Balls
Batting: SHB Robert Santiago Pickoff Throw to First - Out! 1-3 CS
0-0: Called Strike
0-1: Foul Ball, location: 2F
0-2: Ball
1-2: Fly out, F8 (Flyball, 8LD, EV 101.2 MPH)
Batting: LHB Tomas Segarra 0-0: Called Strike
0-1: Ground out U3 (Groundball, 34, EV 110.0 MPH)
Bottom of the 5th over - 0 runs, 0 hits, 0 errors, 0 left on base; Durham 2 - Nashville 1
TOP OF THE 6TH
Durham Bulls batting - Pitching for Nashville Sounds : LHP Kevin Clark
Batting: RHB Jose Arriola 0-0: Foul Ball, location: 2F
0-1: SINGLE (Groundball, 4D, EV 105.6 MPH)
Batting: RHB Antonio Pacheco 0-0: Called Strike
0-1: Ball
1-1: Called Strike
1-2: Foul Ball, location: 2F
1-2: SINGLE (Line Drive, 9S, EV 93.1 MPH)
Jose Arriola to second
Runner from 2nd tries for 3rd, SAFE, throw by RF made to third
Batting: RHB Roberto Aispuro 0-0: Called Strike
0-1: Ball
Antonio Pacheco steals 2nd, throwing error, E2
Jose Arriola scores
Antonio Pacheco to third
1-1: Called Strike
1-2: Foul Ball, location: 2F
1-2: Foul Ball, location: 2F
1-2: Ball
2-2: Foul Ball, location: 2F
2-2: Foul Ball, location: 2F
2-2: SINGLE (Groundball, 4M, EV 104.4 MPH)
Antonio Pacheco scores
Pitching: RHP Ben Voorhees
Batting: SHB Julio Hernandez 0-0: Ball
1-0: Fielders Choice at 2nd, 4-6 (Groundball, 4MS, EV 92.5 MPH)
Batting: LHB Danny Hull 0-0: Ball
1-0: Called Strike
1-1: Fielders Choice at 2nd, 5-4 (Groundball, 25, EV 78.8 MPH)
Batting: LHB Helmut Steggall 0-0: Called Strike
Danny Hull steals 2nd, throwing error, E2
Danny Hull to third
0-1: Ball
1-1: Called Strike
1-2: Ball
2-2: Foul Ball, location: 2F
2-2: Strikes out swinging
Top of the 6th over - 2 runs, 3 hits, 2 errors, 1 left on base; Durham 4 - Nashville 1
BOTTOM OF THE 6TH
Nashville Sounds batting - Pitching for Durham Bulls : RHP Miguel Romero
Batting: RHB Tim Cordle 0-0: Ground out 4-3 (Groundball, 4, EV 96.2 MPH)
Batting: RHB Bill Cabrera 0-0: Ball
1-0: Ball
2-0: Called Strike
2-1: Foul Ball, location: 2F
2-2: Strikes out looking
Batting: LHB Gregg Power 0-0: Ball
1-0: Fly out, F9 (Flyball, 89M, EV 81.2 MPH)
Bottom of the 6th over - 0 runs, 0 hits, 0 errors, 0 left on base; Durham 4 - Nashville 1
TOP OF THE 7TH
Durham Bulls batting - Pitching for Nashville Sounds : RHP Ben Voorhees
Pitching: RHP Jesus Gonzales
Batting: RHB Sesto Carpini 0-0: Foul Ball, location: 2F
0-1: Swinging Strike
0-2: Strikes out swinging
Batting: RHB David Ward 0-0: Ball
1-0: Swinging Strike
1-1: Swinging Strike
1-2: Strikes out swinging
Batting: RHB James Huddleston 0-0: Foul Ball, location: 2F
0-1: Foul Ball, location: 2F
0-2: Strikes out swinging, 2-3 out at first.
Top of the 7th over - 0 runs, 0 hits, 0 errors, 0 left on base; Durham 4 - Nashville 1
BOTTOM OF THE 7TH
Nashville Sounds batting - Pitching for Durham Bulls : RHP Miguel Romero
Batting: RHB David Herrera 0-0: Hit by Pitch
Batting: LHB Al Hernandez 0-0: Ball
1-0: Grounds into double play, 3-6-3 (Groundball, 3, EV 97.5 MPH)
Batting: RHB Wade Diamond 0-0: Ball
1-0: Ball
2-0: Called Strike
2-1: Foul Ball, location: 2F
2-2: Ball
3-2: Foul Ball, location: 2F
3-2: Ground out 4-3 (Groundball, 4, EV 99.4 MPH)
Bottom of the 7th over - 0 runs, 0 hits, 0 errors, 0 left on base; Durham 4 - Nashville 1
TOP OF THE 8TH
Durham Bulls batting - Pitching for Nashville Sounds : RHP Jesus Gonzales
Batting: RHB Jose Arriola 0-0: Ball
1-0: Ground out 5-3 (Groundball, 56, EV 105.0 MPH)
Batting: RHB Antonio Pacheco 0-0: Foul Ball, location: 2F
0-1: Reached on error, E1 (Groundball, 15S, EV 74.4 MPH)
Batting: RHB Roberto Aispuro 0-0: Ball
1-0: Ball
2-0: Ball
3-0: Called Strike
3-1: Called Strike
3-2: Foul Ball, location: 2F
3-2: Strikes out swinging
Batting: SHB Julio Hernandez 0-0: Fly out, F4 (Line Drive, 4M, EV 68.8 MPH)
Top of the 8th over - 0 runs, 0 hits, 1 error, 1 left on base; Durham 4 - Nashville 1
BOTTOM OF THE 8TH
Nashville Sounds batting - Pitching for Durham Bulls : RHP Miguel Romero
Batting: RHB Yonetoshi Muranaka 0-0: Ball
1-0: Swinging Strike
1-1: Ball
2-1: Ball
3-1: Ground out 5-3 (Groundball, 56S, EV 66.9 MPH)
Batting: SHB Robert Santiago 0-0: Ground out U3 (Groundball, 3, EV 91.9 MPH)
Batting: LHB Tomas Segarra 0-0: Called Strike
0-1: Ball
1-1: Ball
2-1: Ball
3-1: Foul Ball, location: 2F
3-2: Base on Balls
Batting: RHB Tim Cordle 0-0: Called Strike
0-1: Swinging Strike
0-2: Hit by Pitch
Tomas Segarra to second
Pitching: RHP Al Speer
Batting: RHB Bill Cabrera 0-0: Called Strike
0-1: Fly out, F8 (Line Drive, 8RS, EV 86.9 MPH)
Bottom of the 8th over - 0 runs, 0 hits, 0 errors, 2 left on base; Durham 4 - Nashville 1
TOP OF THE 9TH
Durham Bulls batting - Pitching for Nashville Sounds : RHP Jesus Gonzales
Pitching: RHP Elijah Daniels
Batting: LHB Danny Hull 0-0: Called Strike
0-1: Ball
1-1: Swinging Strike
1-2: Foul Ball, location: 2F
1-2: Foul Ball, location: 2F
1-2: Ball
2-2: Ball
3-2: Ground out 6-3 (Groundball, 6S, EV 89.4 MPH)
Batting: LHB Helmut Steggall 0-0: Foul Ball, location: 2F
0-1: Ball
1-1: Swinging Strike
1-2: Ball
2-2: Strikes out swinging
Batting: RHB Sesto Carpini 0-0: Called Strike
0-1: Ball
1-1: Foul Ball, location: 2F
1-2: Ground out 6-3 (Groundball, 56, EV 100.0 MPH)
Top of the 9th over - 0 runs, 0 hits, 0 errors, 0 left on base; Durham 4 - Nashville 1
BOTTOM OF THE 9TH
Nashville Sounds batting - Pitching for Durham Bulls : RHP Al Speer
Batting: LHB Gregg Power 0-0: Swinging Strike
0-1: Swinging Strike
0-2: Ball
1-2: Ball
2-2: Foul Ball, location: 2F
2-2: Strikes out swinging
Batting: RHB David Herrera 0-0: Called Strike
0-1: Ball
1-1: SINGLE (Line Drive, 7S, EV 100.0 MPH)
Batting: LHB Al Hernandez 0-0: Called Strike
0-1: Ball
1-1: Fly out, F4 (Line Drive, 34, EV 72.5 MPH)
Batting: RHB Wade Diamond 0-0: Swinging Strike
0-1: Called Strike
0-2: Ball
1-2: Strikes out looking
Bottom of the 9th over - 0 runs, 1 hit, 0 errors, 1 left on base; Durham 4 - Nashville 1
Sunday, July 16th , 2023 - OOTP Baseball 24.6 Build 69